 Dungeon Crawl Stone Soup version 0.31-a0-832-g3a2c1c66ba (webtiles) character file.

Game seed: 12126196189242580564

59 Ijustatesigmund the Conjurer (level 3, -4/20 HPs)
             Began as a Deep Elf Conjurer on Sept 25, 2023.
             Slain by Sigmund
             ... wielding a +3 scythe of protection
              (5 damage)
             ... on level 2 of the Dungeon.
             The game lasted 00:02:27 (1390 turns).

Ijustatesigmund the Conjurer (Deep Elf Conjurer)    Turns: 1390, Time: 00:02:28

Health: -4/20      AC:  2    Str:  4    XL:     3   Next: 78%
Magic:  4/10       EV: 12    Int: 24    God:
Gold:   0          SH:  0    Dex: 13    Spells: 7/10 levels left

rFire   . . .        e - +0 rapier
rCold   . . .        (no shield)
rNeg    . . .        a - +0 robe
rPois   .            (no helmet)
rElec   .            (no cloak)
rCorr   .            (no gloves)
SInv    .            (no boots)
Will    .....        (no amulet)
Stlth   ++           (no ring)
HPRegen 0.23/turn    (no ring)
MPRegen 0.12/turn

%: no passive effects
@: no status effects
A: no striking features
a: no special abilities


You were on level 2 of the Dungeon.
You visited 1 branch of the dungeon, and saw 2 of its levels.

Inventory:

Hand Weapons
 e - a +0 rapier (weapon)
Armour
 a - a +0 robe (worn)
Scrolls
 c - a scroll of identify {unknown}
 d - 2 scrolls of immolation {unknown}
 f - a scroll of fog {unknown}
 h - a scroll of enchant weapon {unknown}
Potions
 b - a potion of magic
 g - a potion of attraction {unknown}


   Skills:
 + Level 1.5 Fighting
 - Level 2.4 Dodging
 - Level 2.4 Stealth
 + Level 4.0 Spellcasting
 + Level 5.0 Conjurations


You had 7 spell levels left.
You knew the following spells:

 Your Spells              Type           Power      Damage    Failure   Level
a - Magic Dart            Conj           100%       1d8       1%          1
b - Searing Ray           Conj           56%        2d6       1%          2

Your spell library contained the following spells:

 Spells                   Type           Power      Damage    Failure   Level
 Sandblast                Erth           8%         2d5       10%         1
 Dazzling Flash           Conj/Hex       32%        N/A       11%         3
 Stone Arrow              Conj/Erth      32%        3d9       11%         3
 Passwall                 Tmut/Erth      3%         N/A       14%         2
 Brom's Barrelling Bould  Conj/Erth      16%        2d4       34%         4
 Fulminant Prism          Conj/Hex       8%         3d7       34%         4
 Iskenderun's Mystic Bla  Conj/Tloc      16%        2d5       34%         4


Dungeon Overview and Level Annotations

Branches:
Dungeon (2/15)

Altars:

Shops:
D:1 *

Annotations:
D:2 Sigmund


Message History

Aim: a frilled lizard (asleep, 100% to hit)
The magic dart hits the frilled lizard!
You kill the frilled lizard!
Casting: Magic Dart (safe; 1% risk of failure)
Confirm with . or Enter, or press ? or * to list all spells.
You can't see any susceptible monsters within range! (Use Z to cast anyway.)
Casting: Magic Dart (safe; 1% risk of failure)
Confirm with . or Enter, or press ? or * to list all spells.
You can't see any susceptible monsters within range! (Use Z to cast anyway.) Sigmund the Dreaded comes into view.
He is wielding a +3 scythe of protection.
Casting: Magic Dart (safe; 1% risk of failure)
Confirm with . or Enter, or press ? or * to list all spells.
Aiming: Magic Dart (safe; 1% risk of failure)
Press: ? - help, Shift-Dir - straight line, f - Sigmund
Aim: Sigmund, wielding a +3 scythe of protection and wearing a +0 robe (asleep, 100% to hit)
The magic dart hits Sigmund but does no damage.
Sigmund shouts!
Sigmund gestures at you while chanting. The puff of flame hits you!
Casting: Magic Dart (safe; 1% risk of failure)
Confirm with . or Enter, or press ? or * to list all spells.
Aiming: Searing Ray (safe; 1% risk of failure)
Press: ? - help, Shift-Dir - straight line, f/p - Sigmund
Aim: Sigmund, wielding a +3 scythe of protection and wearing a +0 robe (77% to hit)
The searing ray misses Sigmund. (Press . to maintain the ray.) Sigmund hits you from afar with a +3 scythe of protection!
Ouch! That really hurt!
* * * LOW HITPOINT WARNING * * *
The searing ray hits Sigmund.
Sigmund is lightly wounded.
The searing ray hits Sigmund.
Sigmund is lightly wounded.
Sigmund casts a spell at you. The puff of flame misses you.
The searing ray misses Sigmund.
You finish channelling your searing ray.
Sigmund hits you from afar with a +3 scythe of protection.
You die...
Sigmund begins carving another notch in his scythe.

........# #.#...
..[.....###.#...
............#...
####....##......
.....##.##.###.#
####.#...#...#..
#.##..###.#.. #######
#.......#.#.. #....@#
#######.#.### #.###.#
#.#.##. #.# @..#
#.#..#.
#.##############.####.
#................# ##
##################


You could see Sigmund.

Vanquished Creatures
  Jessica (D:2)
  3 dart slugs (D:1)
  2 bats (D:1)
  6 endoplasms
  3 goblins
  3 hobgoblins (D:1)
  A quokka (D:2)
  2 ball pythons
  2 frilled lizards
  2 kobolds
  2 rats (D:1)
27 creatures vanquished.

Notes
Turn   | Place    | Note
-------+----------+-------------------------------------------
     0 | D:1      | Ijustatesigmund the Deep Elf Conjurer began the quest for
                  | the Orb.
     0 | D:1      | Reached XP level 1. HP: 10/10 MP: 6/6
   193 | D:1      | Reached XP level 2. HP: 16/16 MP: 4/8
   237 | D:1      | Learned a level 2 spell: Searing Ray
   721 | D:1      | Reached skill level 1 in Fighting
   792 | D:1      | Found Domagy's Assorted Antiques.
  1160 | D:2      | Reached XP level 3. HP: 20/20 MP: 7/10
  1187 | D:2      | Noticed Jessica
  1192 | D:2      | Killed Jessica
  1269 | D:2      | Reached skill level 5 in Conjurations
  1385 | D:2      | Noticed Sigmund
  1387 | D:2      | HP: 1/20 [Sigmund/+3 scythe of protection (11)]
  1390 | D:2      | Slain by Sigmund

Illustrated notes

Levels and vault maps discovered:
D:1:      dreamdust_arrival_beginning_and_end, layout_loops_ring, serial_shops,
          shop
D:2:      layout_basic, minmay_misc_feat_doors, eino_tiny_chamber,
          minmay_lizard_king, uniq_jessica, uniq_terence, uniq_sigmund

Skill      XL: |  1  2  3 |
---------------+----------+-----
Fighting       | 1 |  1.5
Spellcasting   | 4 |  4.0
Conjurations   | 5 |  5.0
Dodging        | |  2.4
Stealth        | |  2.4

Action                     || total
---------------------------++-------
  Melee: Hand axe          ||     2
   Cast: Magic Dart        ||    40
         Searing Ray       ||     5
 Armour: Robe              ||     8
  Dodge: Dodged            ||     7

Table legend: (Time is in decaauts)
 A = Elapsed time spent in this place.
 B = Non-inter-level travel time spent in this place.
 C = Inter-level travel time spent in this place.
 D = Time resting spent in this place.
 E = Time spent auto-exploring this place.
 F = Levels seen in this place.
 G = Mean time per level.
                   A        B        C        D        E       F      G
               +--------+--------+--------+--------+--------+-----+--------+
         Total |   1394 |   1394 |      0 |    375 |    885 |   2 |  697.0 |
       Dungeon |   1394 |   1394 |      0 |    375 |    885 |   2 |  697.0 |
               +--------+--------+--------+--------+--------+-----+--------+

Top non-repeatable levels by time:
     D:1: 1157 daAuts
     D:2: 237 daAuts
